 Dungeon Crawl Stone Soup version 0.26-a0-1213-gd52f5182fe (webtiles) character file.

Game seed: 14629587200714695049

160 Anon1729 the Archer (level 5, -4/29 HPs)
             Began as a Deep Elf Hunter on Dec 30, 2020.
             Slain by an ogre
             ... wielding a +0 giant club
              (12 damage)
             ... on level 3 of the Dungeon.
             The game lasted 00:05:32 (3375 turns).

Anon1729 the Archer (Deep Elf Hunter)               Turns: 3375, Time: 00:05:33

Health: -4/29      AC:  4    Str: 16    XL:     5   Next: 17%
Magic:  7/7        EV: 12    Int: 16    God:
Gold:   149        SH:  0    Dex: 15    Spells: 4/4 levels left

rFire    . . .     SeeInvis .   a - +1 shortbow
rCold    . . .     Faith    .   (shield currently unavailable)
rNeg     . . .     Spirit   .   c - +0 leather armour
rPois    +         Reflect  .   (no helmet)
rElec    .         Harm     .   (no cloak)
rCorr    .         Rampage  .   (no gloves)
Will     .....                  s - +0 pair of boots
Stlth    ++........             (no amulet)
HPRegen  0.09/turn              u - ring of poison resistance
MPRegen  0.10/turn              l - +6 ring of strength

@: no status effects
A: no striking features
a: no special abilities


You were on level 3 of the Dungeon.
You visited 1 branch of the dungeon, and saw 3 of its levels.

You collected 149 gold pieces.

Inventory:

Hand Weapons
 a - a +1 shortbow (weapon)
 b - a +0 short sword
 j - a +0 mace of protection
 k - a +0 flail of venom
Missiles
 d - 21 arrows (quivered ammo)
 m - 20 poisoned darts
Armour
 c - a +0 leather armour (worn)
 s - a +0 pair of boots (worn)
Jewellery
 f - an uncursed ring of ice
 l - a +6 ring of strength (right hand)
 u - a ring of poison resistance (left hand)
Scrolls
 e - 2 scrolls of teleportation {unknown}
 g - 5 scrolls of remove curse {unknown}
 h - 2 scrolls of enchant armour {unknown}
 p - 2 scrolls of identify {unknown}
 v - a scroll of amnesia {unknown}
Potions
 i - a potion of degeneration {unknown}
 n - a potion of resistance {unknown}
 o - 3 potions of curing {unknown}
 q - a potion of heal wounds {unknown}
 r - a potion of magic {unknown}
 t - a potion of flight {unknown}
 w - a potion of brilliance {unknown}


   Skills:
 - Level 1.5 Fighting
 + Level 8.6 Bows
 - Level 2.4 Dodging
 - Level 1.2 Stealth


You had 4 spell levels left.
You didn't know any spells.
Your spell library was empty.

Dungeon Overview and Level Annotations

Branches:
Dungeon (3/15)

Altars:
Kikubaaqudgha


Message History

You shoot an arrow. The arrow hits the ogre.
The ogre is heavily wounded.
You shoot an arrow. The arrow barely misses the ogre.
You shoot an arrow. The arrow hits the ogre.
The ogre is heavily wounded.
You shoot an arrow. The arrow hits the ogre.
The ogre is heavily wounded.
You shoot an arrow.
The arrow hits the ogre but does no damage.
The ogre is heavily wounded.
The ogre hits you with a +0 giant club!!
Ouch! That really hurt!
* * * LOW HITPOINT WARNING * * *
Okay, then.
Things that are here:
a cursed -2 leather armour; a +0 dagger You see here a +0 leather armour.
There is a stone staircase leading up here.
The ogre hits you with a +0 giant club!
You die...

#.....##(# #.#.#
##....##(#####.#.#
#.#####((.....#.# ####### #.#
#......##.# ## ......# #.#
##(##.#.##.# #. #####.# #.#
##(..###.##.# #. #.#
#.###(....#.#.#.# #. #.#
#..........###..# #. #.#
#...@O....#.#.### #.
#(#######......#.....#######.
#..........##.#.###..........
#############.#..............
#.#####.######### #.# #[# ##.
#.# #[# ##.# #.# #.# #)## #.#
#.# ##.#


You could see an ogre.

Vanquished Creatures
  An orc priest (D:3)
  5 adders (D:2)
  2 worms (D:2)
  3 dart slugs (D:1)
  3 leopard geckos
  2 orcs (D:3)
  12 bats
  2 bat zombies (D:3)
  4 giant cockroaches
  9 goblins
  8 hobgoblins
  3 jackals (D:1)
  A quokka (D:2)
  2 frilled lizards
  6 kobolds
  3 rats
  A rat zombie (D:3)
67 creatures vanquished.

Vanquished Creatures (others)
  24 plants (D:1)
24 creatures vanquished.

Grand Total: 91 creatures vanquished

Notes
Turn   | Place    | Note
-------+----------+-------------------------------------------
     0 | D:1      | Anon1729 the Deep Elf Hunter began the quest for the Orb.
     0 | D:1      | Reached XP level 1. HP: 12/12 MP: 3/3
    66 | D:1      | Reached XP level 2. HP: 12/16 MP: 4/4
   138 | D:1      | Reached skill level 6 in Bows
   463 | D:1      | Reached XP level 3. HP: 20/20 MP: 5/5
   628 | D:1      | Reached skill level 7 in Bows
  1126 | D:2      | Reached XP level 4. HP: 19/25 MP: 6/6
  1409 | D:2      | Reached skill level 8 in Bows
  2059 | D:3      | Reached XP level 5. HP: 26/29 MP: 7/7
  2130 | D:3      | Noticed an ogre
  2712 | D:3      | Found an ancient bone altar of Kikubaaqudgha.
  3375 | D:3      | Slain by an ogre

Illustrated notes

Levels and vault maps discovered:
D:1:      amcnicky_arrival_blooded_trapdoor, layout_basic, serial_bayou,
          serial_bayou_shore_b, serial_bayou_pond_b, serial_bayou_ford_a,
          serial_bayou_lake_a
D:2:      layout_basic
D:3:      layout_loops_ring, lemuel_zombie_altar_kikubaaqudgha

Skill      XL: |  1  2  3  4 |
---------------+-------------+-----
Bows           | 6 7 8 |  8.6
Fighting       | |  1.5
Dodging        | |  2.4
Stealth        | |  1.2

Action                   |  1- 3 |  4- 6 || total
-------------------------+-------+-------++-------
 Fire: Shortbow          |   132 |    98 ||   230
Armor: Leather armour    |    10 |    10 ||    20
Dodge: Dodged            |    22 |     7 ||    29

Table legend: (Time is in decaauts)
 A = Elapsed time spent in this place.
 B = Non-inter-level travel time spent in this place.
 C = Inter-level travel time spent in this place.
 D = Time resting spent in this place.
 E = Time spent auto-exploring this place.
 F = Levels seen in this place.
 G = Mean time per level.
                   A        B        C        D        E       F      G
               +--------+--------+--------+--------+--------+-----+--------+
         Total |   3408 |   3182 |    226 |    258 |   2295 |   3 | 1136.0 |
       Dungeon |   3408 |   3182 |    226 |    258 |   2295 |   3 | 1136.0 |
               +--------+--------+--------+--------+--------+-----+--------+

Top non-repeatable levels by time:
     D:2: 1226 daAuts
     D:3: 1170 daAuts
     D:1: 1012 daAuts
